ORI
UNIVERSITY OF OKLAHOMA SOONERS @ MISSISSIPPI STATE UNIVERSITY BULLDOGS
12/13/2049
 
TOP OF THE 1ST
Mississippi State University Bulldogs batting - Pitching for University of Alabama Crimson Tide : RHP Mike Sisson
Pitching: RHP Mike Sisson
Batting: RHB Alvin Abarca 0-0: Ground out 4-3 (Groundball, 34, EV 82.5 MPH)
Batting: RHB Josh Stene 0-0: Ball
1-0: Called Strike
1-1: Ball
2-1: Swinging Strike
2-2: Strikes out swinging
Batting: LHB Danny Shanahan 0-0: Called Strike
0-1: Ball
1-1: Foul Ball, location: 2F
1-2: Strikes out looking
Top of the 1st over - 0 runs, 0 hits, 0 errors, 0 left on base; Mississippi State University 0 - University of Alabama 0
BOTTOM OF THE 1ST
University of Alabama Crimson Tide batting - Pitching for Mississippi State University Bulldogs : RHP Tony Renteria
Pitching: RHP Tony Renteria
Batting: LHB Joe Blackwood 0-0: Called Strike
0-1: Ground out 6-3 (Groundball, 6M, EV 106.9 MPH)
Batting: LHB Robby Ramires 0-0: Ball
1-0: Foul Ball, location: 2F
1-1: Swinging Strike
1-2: Ball
2-2: Ball
3-2: Foul Ball, location: 2F
3-2: Ground out 6-3 (Groundball, 6S, EV 80.6 MPH)
Batting: LHB Danny Schultz 0-0: DOUBLE (Line Drive, 9LM, EV 113.8 MPH)
Batting: RHB Gustavo Delgado 0-0: Called Strike
0-1: DOUBLE (Flyball, 8RD, EV 101.2 MPH)
Danny Schultz scores
Batting: LHB Matt Barkley 0-0: Ball
1-0: Ground out 6-3 (Groundball, 56, EV 85.6 MPH)
Bottom of the 1st over - 1 run, 2 hits, 0 errors, 1 left on base; Mississippi State University 0 - University of Alabama 1
TOP OF THE 2ND
Mississippi State University Bulldogs batting - Pitching for University of Alabama Crimson Tide : RHP Mike Sisson
Batting: LHB Vinnie Kalman 0-0: Called Strike
0-1: Ball
1-1: Swinging Strike
1-2: Foul Ball, location: 2F
1-2: Ball
2-2: Ground out 4-3 (Groundball, 4, EV 103.8 MPH)
Batting: LHB Ricardo Ramos 0-0: Foul Ball, location: 2F
0-1: Ball
1-1: Ball
2-1: Called Strike
2-2: Strikes out swinging
Batting: RHB Oscar Vargas 0-0: Foul Ball, location: 2F
0-1: Called Strike
0-2: Foul Ball, location: 2F
0-2: Ground out U3 (Groundball, 34, EV 101.2 MPH)
Top of the 2nd over - 0 runs, 0 hits, 0 errors, 0 left on base; Mississippi State University 0 - University of Alabama 1
BOTTOM OF THE 2ND
University of Alabama Crimson Tide batting - Pitching for Mississippi State University Bulldogs : RHP Tony Renteria
Batting: RHB Hughie Withers 0-0: Called Strike
0-1: Swinging Strike
0-2: Ball
1-2: Ball
2-2: Ball
3-2: Reached on error, E6 (Groundball, 6, EV 88.1 MPH)
Batting: LHB Platon Protopsaltis 0-0: Called Strike
0-1: Called Strike
0-2: Ball
1-2: Foul Ball, location: 2F
1-2: 2-RUN HOME RUN (Flyball, 78XD, EV 107.5 MPH), Distance : 417 ft
Batting: LHB Dallas Shaw 0-0: Ball
1-0: Called Strike
1-1: Ball
2-1: SINGLE (Line Drive, 7S, EV 106.2 MPH)
Batting: RHB Larry Brown 0-0: SINGLE (Groundball, 56S, EV 71.2 MPH) (infield hit)
Dallas Shaw to second
Batting: LHB Joe Blackwood 0-0: Called Strike
Dallas Shaw steals 3rd base
0-1: Ball
1-1: Ball
2-1: Fly out, F5 (Popup, 56S, EV 76.9 MPH)
Batting: LHB Robby Ramires 0-0: Ball
1-0: Ball
2-0: Swinging Strike
2-1: Ground out 5-3 (Groundball, 56S, EV 69.4 MPH)
Dallas Shaw scores
Larry Brown to second
Batting: LHB Danny Schultz 0-0: Ball
1-0: Foul Ball, location: 2F
1-1: Ball
2-1: Ball
Passed Ball!
Larry Brown to third
3-1: Base on Balls
Batting: RHB Gustavo Delgado 0-0: Ball
1-0: Fly out, F9 (Flyball, 9, EV 97.5 MPH)
Bottom of the 2nd over - 3 runs, 3 hits, 1 error, 2 left on base; Mississippi State University 0 - University of Alabama 4
TOP OF THE 3RD
Mississippi State University Bulldogs batting - Pitching for University of Alabama Crimson Tide : RHP Mike Sisson
Batting: RHB Chris Everett 0-0: Ball
1-0: Ball
2-0: Ball
3-0: Swinging Strike
3-1: Foul Ball, location: 2F
3-2: Strikes out swinging
Batting: RHB Bill Petipas 0-0: Called Strike
0-1: SINGLE (Groundball, 4D, EV 102.5 MPH)
Batting: RHB Josh Simmons 0-0: Foul Ball, location: 2F
0-1: Ball
1-1: Called Strike
1-2: Foul Ball, location: 2F
1-2: Ball
2-2: Strikes out looking
Batting: RHB Alvin Abarca 0-0: Swinging Strike
0-1: Ball
1-1: Foul Ball, location: 2F
1-2: Strikes out swinging
Top of the 3rd over - 0 runs, 1 hit, 0 errors, 1 left on base; Mississippi State University 0 - University of Alabama 4
BOTTOM OF THE 3RD
University of Alabama Crimson Tide batting - Pitching for Mississippi State University Bulldogs : RHP Tony Renteria
Batting: LHB Matt Barkley 0-0: Ball
1-0: Ball
2-0: Called Strike
2-1: Swinging Strike
2-2: Strikes out swinging
Batting: RHB Hughie Withers 0-0: Called Strike
0-1: Called Strike
0-2: Ball
1-2: Foul Ball, location: 2F
1-2: Strikes out swinging
Batting: LHB Platon Protopsaltis 0-0: Ball
1-0: Ground out 4-3 (Groundball, 4, EV 78.8 MPH)
Bottom of the 3rd over - 0 runs, 0 hits, 0 errors, 0 left on base; Mississippi State University 0 - University of Alabama 4
TOP OF THE 4TH
Mississippi State University Bulldogs batting - Pitching for University of Alabama Crimson Tide : RHP Mike Sisson
Batting: RHB Josh Stene 0-0: Ball
1-0: Ball
2-0: Called Strike
2-1: Ball
3-1: Foul Ball, location: 2F
3-2: Foul Ball, location: 2F
3-2: Strikes out swinging
Batting: LHB Danny Shanahan 0-0: Ball
1-0: Swinging Strike
1-1: Swinging Strike
1-2: Strikes out looking
Batting: LHB Vinnie Kalman 0-0: Fly out, F4 (Line Drive, 4D, EV 71.2 MPH)
Top of the 4th over - 0 runs, 0 hits, 0 errors, 0 left on base; Mississippi State University 0 - University of Alabama 4
BOTTOM OF THE 4TH
University of Alabama Crimson Tide batting - Pitching for Mississippi State University Bulldogs : RHP Tony Renteria
Batting: LHB Dallas Shaw 0-0: Called Strike
0-1: Swinging Strike
0-2: Foul Ball, location: 2F
0-2: Ball
1-2: Strikes out swinging
Pitching: LHP Benjamin Alderdice
Batting: RHB Larry Brown 0-0: Ball
1-0: Ball
2-0: Called Strike
2-1: Ball
3-1: Base on Balls
Batting: LHB Joe Blackwood 0-0: Ball
1-0: Fly out, F8 (Flyball, 8LD, EV 101.2 MPH)
Batting: LHB Robby Ramires 0-0: Ball
1-0: Ball
2-0: Foul Ball, location: 2F
2-1: Ball
3-1: Base on Balls
Larry Brown to second
Batting: LHB Danny Schultz 0-0: Ground out 5-3 (Groundball, 5S, EV 81.2 MPH)
Bottom of the 4th over - 0 runs, 0 hits, 0 errors, 2 left on base; Mississippi State University 0 - University of Alabama 4
TOP OF THE 5TH
Mississippi State University Bulldogs batting - Pitching for University of Alabama Crimson Tide : RHP Mike Sisson
Batting: LHB Ricardo Ramos 0-0: Ball
1-0: Foul Ball, location: 2F
1-1: Called Strike
1-2: Ball
2-2: Foul Ball, location: 2F
2-2: Strikes out looking
Batting: RHB Oscar Vargas 0-0: Ball
1-0: Foul Ball, location: 2F
1-1: Foul Ball, location: 2F
1-2: Strikes out swinging
Batting: RHB Chris Everett 0-0: Ball
1-0: Called Strike
1-1: Ball
2-1: Foul Ball, location: 2F
2-2: Ball
3-2: Strikes out looking
Top of the 5th over - 0 runs, 0 hits, 0 errors, 0 left on base; Mississippi State University 0 - University of Alabama 4
BOTTOM OF THE 5TH
University of Alabama Crimson Tide batting - Pitching for Mississippi State University Bulldogs : LHP Benjamin Alderdice
Batting: RHB Gustavo Delgado 0-0: Ground out 6-3 (Groundball, 6M, EV 93.8 MPH)
Batting: LHB Matt Barkley 0-0: Foul Ball, location: 2F
0-1: Hit by Pitch
Batting: RHB Hughie Withers 0-0: Ball
Wild Pitch!
Matt Barkley to second
1-0: Ball
2-0: Ball
3-0: Called Strike
3-1: Swinging Strike
3-2: Strikes out swinging
Batting: LHB Platon Protopsaltis 0-0: Ball
1-0: Called Strike
1-1: TRIPLE (Flyball, 9LD, EV 84.4 MPH)
Matt Barkley scores
Batting: LHB Dallas Shaw 0-0: Ball
1-0: Ball
2-0: Called Strike
2-1: Foul Ball, location: 2F
2-2: Fly out, F6 (Popup, 15S, EV 81.9 MPH)
Bottom of the 5th over - 1 run, 1 hit, 0 errors, 1 left on base; Mississippi State University 0 - University of Alabama 5
TOP OF THE 6TH
Mississippi State University Bulldogs batting - Pitching for University of Alabama Crimson Tide : RHP Mike Sisson
Batting: RHB Bill Petipas 0-0: Ground out 5-3 (Groundball, 56S, EV 89.4 MPH)
Batting: RHB Josh Simmons 0-0: Ball
1-0: Foul Ball, location: 2F
1-1: Swinging Strike
1-2: Ball
2-2: Foul Ball, location: 2F
2-2: Strikes out looking
Batting: RHB Alvin Abarca 0-0: Called Strike
0-1: Called Strike
0-2: Foul Ball, location: 2F
0-2: Ball
1-2: Ball
2-2: Strikes out looking
Top of the 6th over - 0 runs, 0 hits, 0 errors, 0 left on base; Mississippi State University 0 - University of Alabama 5
BOTTOM OF THE 6TH
University of Alabama Crimson Tide batting - Pitching for Mississippi State University Bulldogs : LHP Benjamin Alderdice
Batting: RHB Larry Brown 0-0: Foul Ball, location: 2F
0-1: SINGLE (Groundball, 56D, EV 106.2 MPH)
Batting: LHB Joe Blackwood 0-0: Ball
1-0: Foul Ball, location: 2F
1-1: Ball
2-1: Called Strike
2-2: Ball
3-2: Foul Ball, location: 2F
3-2: Base on Balls
Larry Brown to second
Batting: LHB Robby Ramires 0-0: Called Strike
0-1: Ball
1-1: Ball
2-1: 3-RUN HOME RUN (Flyball, 9LD, EV 91.9 MPH), Distance : 323 ft
Batting: LHB Danny Schultz 0-0: Ball
1-0: Ball
2-0: Foul Ball, location: 2F
2-1: Ground out 6-3 (Groundball, 6, EV 101.2 MPH)
Batting: RHB Gustavo Delgado 0-0: Ball
1-0: Ball
2-0: Called Strike
2-1: Foul Ball, location: 2F
2-2: Foul Ball, location: 2F
2-2: Fly out, F7 (Flyball, 78M, EV 76.2 MPH)
Batting: LHB Matt Barkley 0-0: Ball
1-0: Swinging Strike
1-1: Called Strike
1-2: Ball
2-2: Ball
3-2: SINGLE (Groundball, 4S, EV 97.5 MPH)
Batting: RHB Hughie Withers 0-0: Ball
Wild Pitch!
Matt Barkley to second
1-0: Called Strike
1-1: Swinging Strike
1-2: Hit by Pitch
Pitching: RHP Alexis Gallegos
Batting: LHB Platon Protopsaltis 0-0: Ball
1-0: Ball
2-0: Called Strike
2-1: Ball
3-1: Base on Balls
Matt Barkley to third
Hughie Withers to second
Batting: LHB Dallas Shaw 0-0: Called Strike
0-1: Fly out, F4 (Line Drive, 4M, EV 68.8 MPH)
Bottom of the 6th over - 3 runs, 3 hits, 0 errors, 3 left on base; Mississippi State University 0 - University of Alabama 8
TOP OF THE 7TH
Mississippi State University Bulldogs batting - Pitching for University of Alabama Crimson Tide : RHP Mike Sisson
Pitching: RHP Victor Carillo
Batting: RHB Josh Stene 0-0: Called Strike
0-1: Ball
1-1: Fly out, F8 (Flyball, 8LM, EV 90.6 MPH)
Batting: LHB Danny Shanahan 0-0: Ball
1-0: Ball
2-0: Ball
3-0: Called Strike
3-1: Fly out, F5 (Popup, 5, EV 61.2 MPH)
Batting: LHB Vinnie Kalman 0-0: Called Strike
0-1: Ball
1-1: Ball
2-1: Foul Ball, location: 2F
2-2: Ground out 4-3 (Groundball, 4, EV 84.4 MPH)
Top of the 7th over - 0 runs, 0 hits, 0 errors, 0 left on base; Mississippi State University 0 - University of Alabama 8
BOTTOM OF THE 7TH
University of Alabama Crimson Tide batting - Pitching for Mississippi State University Bulldogs : RHP Alexis Gallegos
Batting: RHB Larry Brown 0-0: Called Strike
0-1: Foul Ball, location: 2F
0-2: Foul Ball, location: 2F
0-2: Fly out, F9 (Flyball, 89S, EV 88.1 MPH)
Batting: LHB Joe Blackwood 0-0: Ball
1-0: Ball
2-0: Ball
3-0: Base on Balls
Batting: LHB Robby Ramires 0-0: Fielders Choice at 2nd, 5-4 (Groundball, 5, EV 101.2 MPH)
Batting: LHB Danny Schultz 0-0: Ball
1-0: Ball
Robby Ramires steals 2nd base
2-0: Fly out, F2 (Popup, 2R, EV 94.4 MPH)
Bottom of the 7th over - 0 runs, 0 hits, 0 errors, 1 left on base; Mississippi State University 0 - University of Alabama 8
TOP OF THE 8TH
Mississippi State University Bulldogs batting - Pitching for University of Alabama Crimson Tide : RHP Victor Carillo
Batting: LHB Ricardo Ramos 0-0: Called Strike
0-1: Fly out, F8 (Flyball, 8RD, EV 91.2 MPH)
Batting: RHB Oscar Vargas 0-0: Foul Ball, location: 2F
0-1: Ball
1-1: Foul Ball, location: 2F
1-2: Ground out 5-3 (Groundball, 56, EV 86.2 MPH)
Batting: RHB Chris Everett 0-0: Foul Ball, location: 2F
0-1: Ball
1-1: Foul Ball, location: 2F
1-2: Strikes out looking
Top of the 8th over - 0 runs, 0 hits, 0 errors, 0 left on base; Mississippi State University 0 - University of Alabama 8
BOTTOM OF THE 8TH
University of Alabama Crimson Tide batting - Pitching for Mississippi State University Bulldogs : RHP Alexis Gallegos
Pinch Hitting: RHB Onorato Zacagnini 0-0: Swinging Strike
0-1: Ball
1-1: Ball
2-1: Foul Ball, location: 2F
2-2: Fly out, F3 (Popup, 3SF, EV 80.0 MPH)
Batting: LHB Matt Barkley 0-0: Reached on error, E6 (Groundball, 6, EV 86.9 MPH)
Batting: RHB Hughie Withers 0-0: Called Strike
0-1: Foul Ball, location: 2F
0-2: Fly out, F7 (Flyball, 7S, EV 85.0 MPH)
Batting: LHB Platon Protopsaltis 0-0: Ball
1-0: Ball
2-0: Ball
3-0: Base on Balls
Batting: LHB Dallas Shaw 0-0: Foul Ball, location: 2F
0-1: Foul Ball, location: 2F
0-2: Foul Ball, location: 2F
0-2: Ball
1-2: Foul Ball, location: 2F
1-2: Foul Ball, location: 2F
1-2: Ball
2-2: Ball
3-2: 3-RUN HOME RUN (Flyball, 9D, EV 95.6 MPH), Distance : 349 ft
Pitching: RHP Sa'ng Dai
Batting: RHB Larry Brown 0-0: Foul Ball, location: 2F
0-1: Ball
1-1: Foul Ball, location: 2F
1-2: Ball
2-2: Strikes out looking
Bottom of the 8th over - 3 runs, 1 hit, 1 error, 0 left on base; Mississippi State University 0 - University of Alabama 11
TOP OF THE 9TH
Mississippi State University Bulldogs batting - Pitching for University of Alabama Crimson Tide : RHP Victor Carillo
Now at 1B: Onorato Zacagnini
Batting: RHB Bill Petipas 0-0: Ball
1-0: Fly out, F9 (Flyball, 9LSF, EV 99.4 MPH)
Batting: RHB Josh Simmons 0-0: Ball
1-0: Called Strike
1-1: Foul Ball, location: 2F
1-2: Ball
2-2: Foul Ball, location: 2F
2-2: Ball
3-2: Strikes out swinging
Batting: RHB Alvin Abarca 0-0: Ball
1-0: Reached on error, E6 (Groundball, 6, EV 100.6 MPH)
Batting: RHB Josh Stene 0-0: Called Strike
0-1: Foul Ball, location: 2F
0-2: Ball
1-2: Foul Ball, location: 2F
1-2: Foul Ball, location: 2F
1-2: Foul Ball, location: 2F
1-2: Foul Ball, location: 2F
1-2: Foul Ball, location: 2F
1-2: Strikes out looking
Top of the 9th over - 0 runs, 0 hits, 1 error, 1 left on base; Mississippi State University 0 - University of Alabama 11
Sunday, July 16th , 2023 - OOTP Baseball 24.6 Build 69